 Dungeon Crawl Stone Soup version 0.17-a0-1481-gfdcec5c (webtiles) character file.

92 hexophile the Magician (level 4, 0/36 HPs)
             Began as a Naga Wizard on July 4, 2015.
             Killed from afar by Robin (10 damage)
             ... with a wand of magic darts
             ... on level 2 of the Dungeon.
             The game lasted 00:05:48 (2604 turns).

hexophile the Magician (Naga Wizard)                Turns: 2604, Time: 00:05:48

Health: 0/36       AC:  2    Str: 10    XL:     4   Next: 60%
Magic:  9/9        EV: 10    Int: 19    God:
Gold:   95         SH:  0    Dex:  9    Spells: 3 memorised, 4 levels left

rFire  . . .     SeeInvis +     h - +0 hunting sling
rCold  . . .     Clarity  .     a - +0 robe
rNeg   . . .     SustAt   .     (no shield)
rPois  +         Gourm    .     b - +0 hat
rElec  .         Spirit   .     (no cloak)
rCorr  .         Warding  .     (no gloves)
rMut   .         Stasis   .     (no barding)
MR     .....                    (no amulet)
Stlth  ++........               (no ring)
                                (no ring)

@: short of breath, very slow, not resistant to hostile enchantments, unstealthy
A: see invisible, deformed body, poison resistance, slowness 2, slow metabolism
1, spit poison 2, AC +1
a: Spit Poison


You were on level 2 of the Dungeon.
You were very hungry.

You visited 1 branch of the dungeon, and saw 2 of its levels.

You collected 95 gold pieces.

Inventory:

Hand weapons
 h - a +0 hunting sling (weapon)
Missiles
 i - 68 stones (quivered)
Armour
 a - a +0 robe (worn)
 b - a +0 hat (worn)
Scrolls
 f - a scroll of remove curse {unknown}
 g - a scroll of teleportation
 j - 3 scrolls of identify
 n - a scroll of amnesia {unknown}
Potions
 e - 2 potions of heal wounds
 l - a potion of magic {unknown}
Books
 c - a book of Minor Magic

   Spells                             Type                      Level
   a - Magic Dart                     Conjuration                  1
   b - Blink                          Translocation                2
   c - Call Imp                       Summoning                    2
   d - Repel Missiles                 Charms/Air                   2
   e - Slow                           Hexes                        2
   f - Conjure Flame                  Conjuration/Fire             3
   g - Mephitic Cloud                 Conjuration/Poison/Air       3
Comestibles
 d - 2 bread rations


   Skills:
 + Level 2.3 Dodging
 - Level 3.0 Stealth
 * Level 3.9 Spellcasting
 * Level 2.3 Conjurations
   Level 1.0 Summonings
 - Level 1.0 Translocations
 + Level 0.2 Fire Magic


You had 4 spell levels left.
You knew the following spells:

 Your Spells              Type           Power        Failure   Level  Hunger
a - Magic Dart            Conj           ##..         8%          1    None
b - Blink                 Tloc           N/A          17%         2    ##.....
c - Conjure Flame         Conj/Fire      #.......     28%         3    ###....


Dungeon Overview and Level Annotations

Branches:
Dungeon (2/15)

Altars:

Annotations:
D:2 Robin


Innate Abilities, Weirdness & Mutations

You cannot wear boots.
Your serpentine skin is tough (AC +1).
You have supernaturally acute eyesight.
Armour fits poorly on your strangely shaped body.
Your system is resistant to poisons.
You cover ground very slowly.
You have a slow metabolism.
You can spit poison.


Message History

Firing (i - inventory):
i - 70 stones (quivered)
Press: ? - help, Shift-Dir - straight line, f/p - Robin
Aim: Robin, wielding a spear, wearing an animal skin, wearing a helmet and carrying a wand of magic darts {zapped: 2} (moderately wounded)
You shoot a stone. The stone barely misses Robin.
The stone barely misses the hobgoblin.
Robin zaps a wand.
The magic dart hits you!
Firing (i - inventory):
i - 69 stones (quivered)
Press: ? - help, Shift-Dir - straight line, f/p - Robin
Aim: Robin, wielding a spear, wearing an animal skin, wearing a helmet and carrying a wand of magic darts {zapped: 3} (moderately wounded)
You shoot a stone. The stone hits Robin.
Robin is moderately wounded.
Robin zaps a wand.
The magic dart hits you!
* * * LOW HITPOINT WARNING * * *
Use which ability? (? or * to list)
Press: ? - help, Shift-Dir - straight line, f/p - Robin
Aim: Robin, wielding a spear, wearing an animal skin, wearing a helmet and carrying a wand of magic darts {zapped: 4} (moderately wounded)
The splash of poison hits Robin.
Robin is poisoned.
Robin is almost dead.
You feel slightly more hungry.
Robin zaps a wand.
The magic dart hits you!
You die...

## ############## #.
#............# #.
########............###.
(...gg(@............'.'.
##########............###.
#....§..##............# #.
#.....§.'.............# #. #
#.......#.............###. #.
##...§###.#..........#.)..
#.#######....#...#.########.#.###
#.......(.....(..................
###.)g###...##..#......#....#.###


You could see Robin and a hobgoblin (frenzied).

Vanquished Creatures
  4 adders (D:2)
  2 worms (D:2)
  A giant gecko (D:1)
  A ball python (D:2)
  11 goblins
  5 hobgoblins
  2 jackals (D:1)
  9 kobolds
  A quokka (D:2)
  7 bats
  3 giant cockroaches
  2 giant newts (D:1)
  2 rats (D:1)
50 creatures vanquished.

Notes
Turn   | Place    | Note
--------------------------------------------------------------
     0 | D:1      | hexophile the Naga Wizard began the quest for the Orb.
     0 | D:1      | Reached XP level 1. HP: 15/15 MP: 4/4
   508 | D:1      | Reached XP level 2. HP: 22/22 MP: 6/6
   949 | D:1      | Learned a level 2 spell: Blink
  1168 | D:1      | Reached XP level 3. HP: 24/28 MP: 4/7
  1507 | D:2      | Learned a level 3 spell: Conjure Flame
  1905 | D:2      | Reached XP level 4. HP: 36/36 MP: 9/9
  2296 | D:2      | Noticed Robin
  2604 | D:2      | Killed from afar by Robin

Vault maps used:
D:1:      dpeg_arrival_snail, grunt_decor_resistance
D:2:      first_bread, uniq_robin

Action                   |  1- 3 |  4- 6 || total
-------------------------+-------+-------++-------
Melee: Unarmed           |     4 |       ||     4
 Fire: Hunting sling     |    76 |    33 ||   109
 Cast: Magic Dart        |    24 |    11 ||    35
       Conjure Flame     |       |     1 ||     1
 Abil: Spit Poison       |     5 |     5 ||    10
  Use: Scroll            |     3 |     1 ||     4
  Eat: Chunk             |     2 |     1 ||     3
